 Dungeon Crawl Stone Soup version 0.31-a0-128-g25add195a6 (webtiles) character file.

Game seed: 1387721840351006970

141 kae the Changer (level 5, 0/40 HPs)
             Began as a Draconian Transmuter on June 1, 2023.
             Slain by a sleepcap (4 damage)
             ... on level 3 of the Dungeon.
             The game lasted 00:02:19 (1900 turns).

kae the Changer (Draconian Transmuter)              Turns: 1900, Time: 00:02:20

Health: 0/40       AC:  2    Str: 13    XL:     5   Next: 3%
Magic:  7/9        EV: 19    Int: 15    God:
Gold:   132        SH:  0    Dex: 16    Spells: 4/10 levels left

rFire   . .          .
                       - Unarmed
rCold   . . .        (shield currently unavailable)
rNeg    . . .        (body armour unavailable)
rPois   x            (helmet currently unavailable)
rElec   .            (cloak currently unavailable)
rCorr   .            (gloves currently unavailable)
SInv    .            (boots currently unavailable)
Will    .....        (no amulet)
Stlth   +            (no ring)
HPRegen 0.26/turn    (no ring)
MPRegen 0.11/turn

%: no passive effects
@: spider-form (expiring)
A: venomous fangs, AC +5, tiny, unfitting armour, (cold-blooded)
a: End Transformation


You were on level 3 of the Dungeon.
You were a venomous arachnid creature.
You visited 1 branch of the dungeon, and saw 3 of its levels.

You collected 132 gold pieces.


Innate Abilities, Weirdness & Mutations

You are a venomous arachnid creature.
You have venomous fangs.
You are tiny and dextrous.
Your spellcasting is less reliable in this form.
Your armour is entirely melded.
You are incapable of wielding weapons or throwing items.
((Your plain brown scales are hard. (AC +5)))
You cannot fit into any form of body armour.
((You are cold-blooded and may be slowed by cold attacks.))


   Skills:
 - Level 1.1 Fighting
 - Level 1.7 Dodging
 - Level 3.0 Unarmed Combat
 + Level 3.1 Spellcasting
 * Level 4.3 Transmutations
 * Level 0.6 Poison Magic


You had 4 spell levels left.
You knew the following spells:

 Your Spells              Type           Power      Damage    Failure   Level
a - Beastly Appendage     Tmut           30%        N/A       11%         1
b - Wereblood             Tmut           15%        N/A       14%         2
c - Spider Form           Tmut/Pois      9%         N/A       43%         3

Your spell library contained the following spells:

 Spells                   Type           Power      Damage    Failure   Level
 Ozocubu's Armour         Ice            2%         N/A       73%         3
 Ice Form                 Ice/Tmut       8%         N/A       82%         4
 Summon Lightning Spire   Summ/Air       2%         N/A       97%         4
 Blade Hands              Tmut           7%         N/A       85%         5
 Metabolic Englaciation   Hex/Ice        1%         N/A       100%        5
 Simulacrum               Ice/Necr       1%         N/A       100%        6
 Animate Armour           Summ/Erth      Unusable   N/A       N/A         4

Inventory:

Missiles
 k - 18 stones
Magical Staves
 c - a staff of conjuration {!a}
   (You found it on level 1 of the Dungeon)
 i - a staff of air {!a}
   (You found it on level 2 of the Dungeon)
Jewellery
 R - a ring of resist corrosion
   (You found it on level 3 of the Dungeon)
Scrolls
 b - 2 scrolls of identify {@r1}
 e - 3 scrolls of vulnerability {!r!r}
 h - 2 scrolls of teleportation {@r4}
 l - a scroll of immolation {!r!r}
 n - 2 scrolls of silence {!r}
Potions
 a - a potion of lignification {!q}
 d - 2 potions of curing {@q1}
 f - 2 potions of berserk rage {unknown}
 g - 2 potions of might {unknown}
 j - a potion of resistance {unknown}
 o - a potion of brilliance {unknown}

Dungeon Overview and Level Annotations

Branches:
Dungeon (3/15) Zot: 16099

Altars:
Dithmenos
Elyvilon
Gozag
Okawaru
Qazlal
Trog
Vehumet

Annotations:
D:1 2 transporters

##..#
###.###.##.### ...#
#. #....... #..# #.
#.##.### ###
..####..#
##.###.##.# #..
..f...).#
#......##.### ##.#
#!# #............
#... #.#
#....####.### #..#
#.#####f# ####.#
#.# #..#
....>..s#### #.#
#.# #..#
#.).......<# #.#
#.# #..#
##########.# #.#
#.# #..# .######.#
#.# #.# #..#
........####.####.#
#..#
.######...........#
##..# #############
....##### #####
........# #....


You could see a sleepcap (very poisoned).


Message History

Natasha is healed!
Natasha looks more healthy. 😕 HP[+1] MP[+1]
You closely miss Natasha.
Your transformation is almost over.
The cerulean imp misses you. Natasha barely misses you.
You hit Natasha but do no damage.
The cerulean imp hits you from afar with a +2 spear.
Natasha casts a spell at you. The magic dart hits you. 😮 HP[-10]
You take 10 damage, and now have 20/35 hp.
MASSIVE DAMAGE!! (PAUSE)
You hit Natasha but do no damage.
The cerulean imp hits you from afar with a +2 spear.
Natasha claws you.
* * * LOW HITPOINT WARNING * * *
😨 HP[-5]
You take 5 damage, and now have 15/35 hp.
You barely miss Natasha.
The cerulean imp hits you from afar with a +2 spear.
* * * LOW HITPOINT WARNING * * *
Natasha misses you. 😨 HP[-2]
You take 2 damage, and now have 13/35 hp.
You hit Natasha.
Natasha is poisoned.
The cerulean imp closely misses you.
Natasha mewls in sadness.
Natasha misses you.
You hit Natasha.
Natasha looks as sick as possible!
The cerulean imp closely misses you. Natasha completely misses you.
You barely miss Natasha.
The cerulean imp hits you from afar with a +2 spear.
* * * LOW HITPOINT WARNING * * *
Natasha drinks a potion.
Natasha is healed!
Natasha looks more healthy. 😨 HP[-4]
You take 4 damage, and now have 9/35 hp.
You hit Natasha.
Natasha is poisoned.
The cerulean imp closely misses you. Natasha closely misses you. 😨 HP[+1]
You hit Natasha.
Natasha looks as sick as possible!
The cerulean imp barely misses you. Natasha misses you.
You hit Natasha.
You kill Natasha!
You feel Natasha's spirit has finally been put to rest.
The cerulean imp disappears in a puff of smoke!
Your transformation has ended.
You have reached level 5! 😨 HP[+2] MP[+1]
You now have 40 max hp (+5).
You regained 2 hp, and now have 12/40 hp.
A sleepcap comes into view.
You see here a potion of curing {@q1}. 😕 HP[+22] MP[+3]
You regained 22 hp, and now have 34/40 hp.
Your mp is fully restored (9).
Unknown command.
A sleepcap is nearby! 😕 HP[+1]
Casting: Spider Form (quite dangerous; 22% risk of failure)
Confirm with . or Enter, or press ? or * to list all spells.
The spell is quite dangerous to miscast (22% risk of failure)!
Continue anyway? [Y]es or [N]o only, please.
The spell is quite dangerous to miscast (22% risk of failure)!
Continue anyway?
You turn into a venomous arachnid creature. 😕 HP[+1] MP[-3]
You lost 3 mp, and now have 6/9 mp.
The sleepcap misses you.
You hit the sleepcap. The sleepcap barely misses you.
You hit the sleepcap.
The sleepcap releases spores at you but does no damage. 😕 HP[+1] Unknown command.
You hit the sleepcap.
The sleepcap releases spores at you. 😕 HP[-3]
You take 3 damage, and now have 34/40 hp.
You hit the sleepcap. The sleepcap releases spores at you.
You are engulfed in a cloud of soporific spores!
You fall asleep.
The sleepcap releases spores at you!!
You wake up.
Ouch! That really hurt!
* * * LOW HITPOINT WARNING * * *
You are engulfed in a cloud of soporific spores!
You are unaffected. 😱 HP[-26]
You take 26 damage, and now have 8/40 hp.
MASSIVE DAMAGE!! (PAUSE)
You hit the sleepcap.
Your transformation is almost over.
The sleepcap completely misses you. 😱 HP[+1] MP[+1]
You hit the sleepcap. The sleepcap misses you.
You hit the sleepcap. The sleepcap releases spores at you.
* * * LOW HITPOINT WARNING * * *
You are engulfed in a cloud of soporific spores!
You are unaffected. 😱 HP[-5]
You take 5 damage, and now have 4/40 hp.
You hit the sleepcap.
The sleepcap is poisoned.
The sleepcap releases spores at you.
You die...

Skill      XL: |  1  2  3  4 |
---------------+-------------+-----
Transmutations | 3 4 |  4.3
Spellcasting   | 3 |  3.1
Fighting       | |  1.1
Dodging        | |  1.7
Unarmed Combat | |  3.0
Poison Magic   | |  0.6

Action                     |  1- 3 |  4- 6 || total
---------------------------+-------+-------++-------
  Melee: Unarmed           |    58 |    58 ||   116
         Kick              |    10 |     5 ||    15
         Tailslap          |     7 |     3 ||    10
         Headbutt          |     8 |     5 ||    13
         Punch             |       |     1 ||     1
   Cast: Beastly Appendage |    20 |     8 ||    28
         Spider Form       |     1 |     2 ||     3
    Use: Scroll            |    10 |       ||    10
         Potion            |       |     2 ||     2
 Armour: Skin              |     9 |    12 ||    21
  Dodge: Dodged            |    36 |    46 ||    82

Levels and vault maps discovered:
D:1:      spicycebolla_arrival_transporter_tutorial, layout_basic,
          serial_bayou_pond_e, minmay_misc_feat_roman
D:2:      layout_loops_ring
D:3:      layout_loops_ring, nicolae_overflow_hallway_of_the_gods, uniq_natasha,
          uniq_jessica

Notes
Turn   | Place    | Note
-------+----------+-------------------------------------------
     0 | D:1      | kae the Draconian Transmuter began the quest for the Orb.
     0 | D:1      | Reached XP level 1. HP: 16/16 MP: 3/3
     0 | D:1      | magus.rc [v1.11.3]
   321 | D:1      | Reached XP level 2. HP: 23/23 MP: 3/5
   449 | D:2      | Identified a scroll of acquirement
   449 | D:2      | Acquired a book of Iron
   450 | D:2      | You pick up a book of Iron and begin reading...
   450 | D:2      | You add the spells Summon Lightning Spire and Blade Hands
                  | to your library.
   773 | D:2      | You pick up a book of Winter and begin reading...
   773 | D:2      | You add the spells Ozocubu's Armour, Metabolic Englaciation
                  | and Simulacrum to your library.
   855 | D:2      | Reached skill level 3 in Transmutations
   858 | D:2      | Learned a level 2 spell: Wereblood
  1250 | D:3      | Reached XP level 3. HP: 22/28 MP: 6/6
  1254 | D:3      | Learned a level 3 spell: Spider Form
  1401 | D:3      | Found a radiant altar of Vehumet.
  1404 | D:3      | Found a bloodstained altar of Trog.
  1408 | D:3      | Found an iron altar of Okawaru.
  1411 | D:3      | Found a shadowy altar of Dithmenos.
  1411 | D:3      | Found an opulent altar of Gozag.
  1414 | D:3      | Found a white marble altar of Elyvilon.
  1414 | D:3      | Noticed Natasha
  1426 | D:3      | Killed Natasha
  1427 | D:3      | Reached XP level 4. HP: 33/35 MP: 3/8
  1453 | D:3      | Found a stormy altar of Qazlal.
  1544 | D:3      | Noticed Natasha
  1561 | D:3      | HP: 6/35 [cerulean imp/+2 spear[Natasha] (4)]
  1568 | D:3      | Killed Natasha
  1569 | D:3      | Reached skill level 3 in Spellcasting
  1569 | D:3      | Reached skill level 4 in Transmutations
  1778 | D:3      | Noticed Natasha
  1797 | D:3      | Killed Natasha
  1798 | D:3      | Reached XP level 5. HP: 12/40 MP: 6/9
  1896 | D:3      | HP: 8/40 [sleepcap (21)]
  1900 | D:3      | Slain by a sleepcap

Vanquished Creatures
  Natasha (thrice) (D:3)
  3 adders
  A dart slug (D:3)
  2 orcs
  4 ball pythons
  2 endoplasms (D:3)
  A giant cockroach (D:1)
  4 goblins
  5 hobgoblins
  3 kobolds
  2 quokkas (D:3)
  2 frilled lizards
  3 rats
35 creatures vanquished.

Table legend:
 A = Non-vault XP
 B = Vault XP
 C = Vault XP percentage of total XP
 D = Non-vault monster count
 E = Vault monster count
 F = Vault count percentage of total count
                 A         B        C        D         E       F
            +---------+---------+-------+---------+---------+-------
      Total |     167 |      35 |  17.3 |      34 |       1 |   2.9
            +---------+---------+-------+---------+---------+-------
        D:1 |      14 |       0 |   0.0 |       7 |       0 |   0.0
        D:2 |      22 |       0 |   0.0 |       6 |       0 |   0.0
        D:3 |     131 |      35 |  21.1 |      21 |       1 |   4.5
            +---------+---------+-------+---------+---------+-------

Skill      XL: |  1  2  3  4 |
---------------+-------------+-----
Transmutations | 3 4 |  4.3
Spellcasting   | 3 |  3.1
Fighting       | |  1.1
Dodging        | |  1.7
Unarmed Combat | |  3.0
Poison Magic   | |  0.6

Action                     |  1- 3 |  4- 6 || total
---------------------------+-------+-------++-------
  Melee: Unarmed           |    58 |    58 ||   116
         Kick              |    10 |     5 ||    15
         Tailslap          |     7 |     3 ||    10
         Headbutt          |     8 |     5 ||    13
         Punch             |       |     1 ||     1
   Cast: Beastly Appendage |    20 |     8 ||    28
         Spider Form       |     1 |     2 ||     3
    Use: Scroll            |    10 |       ||    10
         Potion            |       |     2 ||     2
 Armour: Skin              |     9 |    12 ||    21
  Dodge: Dodged            |    36 |    46 ||    82

Illustrated notes

Table legend:
 A = Kills in this place as a percentage of kills in the entire game.
 B = Kills by you in this place as a percentage of kills by you in the entire game.
 C = Kills by friends in this place as a percentage of kills by friends in the entire game.
 D = Other kills in this place as a percentage of other kills in the entire game.
 E = Experience gained in this place as a percentage of experience gained in the entire game.
 F = Experience gained in this place divided by the number of levels of this place that you have seen.
                   A       B       C       D       E      F
               +-------+-------+-------+-------+-------+----------------------
         Total | 100.0 | 100.0 |   N/A |   N/A | 100.0 |  67.3
       Dungeon | 100.0 | 100.0 |   N/A |   N/A | 100.0 |  67.3
               +-------+-------+-------+-------+-------+----------------------

Table legend: (Time is in decaauts)
 A = Elapsed time spent in this place.
 B = Non-inter-level travel time spent in this place.
 C = Inter-level travel time spent in this place.
 D = Time resting spent in this place.
 E = Time spent auto-exploring this place.
 F = Levels seen in this place.
 G = Mean time per level.
                   A        B        C        D        E       F      G
               +--------+--------+--------+--------+--------+-----+--------+
         Total |   1899 |   1855 |     44 |      0 |   1503 |   3 |  633.0 |
       Dungeon |   1899 |   1855 |     44 |      0 |   1503 |   3 |  633.0 |
               +--------+--------+--------+--------+--------+-----+--------+

Top non-repeatable levels by time:
     D:3: 776 daAuts
     D:2: 674 daAuts
     D:1: 448 daAuts
